[Event "26th Hit Open-A 2022"]
[Site "Nova Gorica"]
[Date "2022.09.19"]
[Round "6.12"]
[White "Thavandiran, Shiyam"]
[Black "Schloffer, Jasmin-Denise"]
[Result "1-0"]
[ECO "C28"]
[WhiteElo "2363"]
[BlackElo "2127"]
[Annotator "TA"]
[PlyCount "63"]
[EventDate "2022.09.16"]
[EventType "swiss"]
[EventCountry "SLO"]
[SourceTitle "playchess.com"]
[Source "ChessBase"]
[SourceQuality "1"]
[TimeControl "5400+30"]

1. e4 e5 2. Bc4 Nf6 3. d3 Nc6 4. Nc3 Na5 5. Nge2 Nxc4 6. dxc4 d6 7. O-O Be7 {[%emt 0:01:13] CPLX 2.0} 8. b3 {[%emt 0:08:52] 8.Ng3 is setting a new trend. C28: Vienna Game: 2...Nf6 3 Bc4 Nc6.} Be6 {[%emt 0:04:41] CPLX 2.0 5 (0-0) (=3)} 9. f4 {[%emt 0:10:46] CPLX 2.0 15 (Ne2-g3) (=8)} exf4 {[%emt 0:03:41] BESTDEEP} 10. Nxf4 {[%emt 0:00:59] RECAPT 8 (Bc1xf4) (=8). The position is equal.} Qd7 {[%emt 0:04:03] [#] RELBLUND 54 (c7-c6) (=15)} (10... c6 $11) 11. h3 $146 {[%emt 0:06:42] BESTDEEP} ({Predecessor:} 11. Qd4 Ng4 12. Ncd5 Bf6 13. Nxf6+ Nxf6 14. Nd5 Bxd5 15. exd5 Qg4 16. Rf4 Qg6 17. Qe3+ {0-1 (26) Voros,G (2136)-Hlavina,L (2005) Slovakia 2017}) 11... O-O-O {[%emt 0:07:11] CPLX 2.4 76 (0-0) (=27)} ({Better is} 11... O-O $14) 12. Qd4 {[%emt 0:07:40] CPLX 2.5 27 (Bc1-e3) (=10)} c5 {[%emt 0:05:29] CPLX 2.7 17 (Kc8-b8) (=25)} 13. Qd3 {[%emt 0:01:12] CPLX 2.9 10 (Qd4-f2) (=10)} Rhg8 {[%emt 0:03:29] BESTDEEP} 14. Bb2 {[%emt 0:09:55] CPLX 2.6 5 (a2-a4) (=9)} Kb8 {[%emt 0:04:06] CPLX 2.5 34 (g7-g5) (=23)} 15. Rae1 {[%emt 0:12:25] CPLX 2.6 13 (Nc3-d5) (=10)} Ne8 {[%emt 0:08:42] CPLX 2.6 35 (h7-h6) (=25)} 16. Ncd5 {[%emt 0:05:23] CPLX 2.5 0 (Nf4xe6) (=9)} f6 {[%emt 0:08:57] MISSDEEP-Be7-h4 33 (Be7-h4) (=25)} 17. Bc3 {[%emt 0:12:27] CPLX 2.8 79 (Nd5xe7) (=16)} (17. Nxe7 $18 Qxe7 18. Nxe6 (18. Nd5 Qd7 $16) 18... Qxe6 19. e5 fxe5 {[#]} 20. Bxe5 $1 (20. Qxh7 Nf6 $11) (20. Rxe5 Qd7 $16)) 17... Nc7 {[%emt 0:01:42] CPLX 2.8 34 (Be6-f7) (=26)} 18. Ba5 $36 {[%emt 0:00:47][%mdl 2048] White has strong initiative. White has more active pieces. BESTDEEP} b6 {[%emt 0:01:00] EASY} 19. Bd2 {[%emt 0:00:52][%cal Ba5d2,Bd2f4,Bf4g3,Bg3d6][%mdl 32] CPLX 3.3 16 (Nf4xe6) (=14)} Bf7 {[%emt 0:04:29] CPLX 2.9 42 (Be6xd5) (=25)} 20. a4 {[%emt 0:00:29][%cal Ba2a4,Ba4a5][%mdl 32] CPLX 2.9} Ne6 {[%emt 0:04:00] CPLX 2.9 41 (Rd8-e8) (=27)} 21. a5 {[%emt 0:03:06] CPLX 2.9} Nxf4 {[%emt 0:02:03] EASY} 22. Bxf4 {[%emt 0:00:06] RECAPT} ({Resist} 22. Nxf4 $6 bxa5 23. Ra1 (23. Bxa5 Rc8 $16) 23... Rc8 24. Rxa5 Bd8 $16) 22... g5 {[%emt 0:01:30] CPLX 3.3 140 (b6xa5) (=32)} (22... bxa5 {keeps fighting.} 23. Ra1 Bxd5) 23. Bg3 $18 {[%emt 0:01:33] CPLX 3.6} Bxd5 {[%emt 0:00:51] CPLX 3.4 14 (b6xa5) (=31)} 24. exd5 {[%emt 0:00:06] RECAPT} (24. Qxd5 Qb7 25. Ra1 h5 26. axb6 axb6 $16) 24... h5 {[%emt 0:00:49] CPLX 2.5 348 (f6-f5) (=49)} (24... f5 25. Rxf5 (25. Qxf5 Qxf5 26. Rxf5 Rg7 $18) 25... Rgf8) 25. Qh7 {[%emt 0:01:59][%csl LRe7,LRh5] CPLX 2.7. White is clearly winning.} Rde8 {[%emt 0:04:16] [#] BEVAL 385 (Rg8-e8) (=66)} 26. Rxe7 $1 {[%emt 0:07:33][%mdl 512] EVAL 308 (Rf1xf6) (=25)} Qxe7 {[%emt 0:00:49] EVAL} 27. Qxe7 {[%emt 0:00:02][%mdl 64] Remove Defender. EVAL} Rxe7 {[%emt 0:00:06] RECAPT} 28. Bxd6+ {[%emt 0:00:04] KRR-KRB. EASY} Rc7 {[%emt 0:00:04] EASY} 29. Rxf6 {[%emt 0:00:14] Black must now prevent Rf7. CPLX 3.1} Rgg7 {[%emt 0:02:25] Prevents Rf7. EVAL 175 (Rg8-d8) (=62)} 30. a6 {[%emt 0:01:29][%cal Rf6f8] EVAL} Kc8 {[%emt 0:01:01] EVAL} 31. Bxc7 {[%emt 0:00:07] EVAL} Kxc7 {[%emt 0:00:22] RECAPT} 32. Kf2 {[%emt 0:00:11] Weighted Error Value: White=0.12 (very precise) /Black=0.53} 1-0

[Event "26th Hit Open-A 2022"]
[Site "Nova Gorica"]
[Date "2022.09.19"]
[Round "6.13"]
[White "Garsky, Vladyslav"]
[Black "Brilej, Jaka"]
[Result "0-1"]
[ECO "B19"]
[WhiteElo "2229"]
[BlackElo "2329"]
[Annotator "TA"]
[PlyCount "122"]
[EventDate "2022.09.16"]
[EventType "swiss"]
[EventCountry "SLO"]
[SourceTitle "playchess.com"]
[Source "ChessBase"]
[SourceQuality "1"]
[TimeControl "5400+30"]

1. e4 c6 2. d4 d5 3. Nc3 dxe4 4. Nxe4 Bf5 5. Ng3 Bg6 6. h4 h6 7. h5 Bh7 8. Nf3 Nd7 9. Bd3 Bxd3 10. Qxd3 e6 11. Bf4 Qa5+ 12. c3 Ngf6 {[%emt 0:02:32] EASY} 13. Ne5 {[%emt 0:04:54] CPLX 2.5. B19: Classical Caro-Kann: 4...Bf5 main line.} Nxe5 14. Bxe5 {[%emt 0:00:23] RECAPT} Be7 {[%emt 0:00:49] CPLX 2.5} 15. Ne4 {[%emt 0:04:20] CPLX 2.5 14 (0-0) (=5). The position is equal.} O-O-O {[%emt 0:05:30] Threatening ...Qxe5. CPLX 2.7 13 (Ra8-d8) (=3)} 16. Nxf6 {[%emt 0:16:25] CPLX 3.2 44 (Qd3-e2) (=15)} Bxf6 {[%emt 0:07:25] RECAPT} 17. Bxf6 {[%emt 0:07:57] RECAPT} gxf6 {[%emt 0:00:06] [#] RECAPT} 18. Qe3 $146 {[%emt 0:11:19] CPLX 2.2 45 (Rh1-h4) (=17)} ({Predecessor:} 18. a3 Qd5 19. f3 e5 20. O-O-O exd4 21. cxd4 Rhg8 22. g4 Kb8 23. Rhe1 c5 24. Qe4 Qxe4 25. Rxe4 cxd4 26. Rdxd4 {0-1 (66) Royle,A-Towers,N (1858) Chess.com INT 2021}) 18... Qd5 {[%emt 0:07:39] CPLX 2.2 18 (Rd8-d5) (=4)} 19. Rh2 {[%emt 0:02:42] CPLX 2.1 63 (Qe3-f3) (=24)} (19. Qf3 $15) 19... Rdg8 {[%emt 0:05:55] CPLX 2.1 50 (e6-e5) (=10)} (19... e5 $142 20. Rh4 Qxg2) 20. Kf1 $17 {[%emt 0:03:20] BESTDEEP} Rg5 {[%emt 0:02:32] CPLX 3.4 0 (Rg8-g4) (=9)} 21. Qf3 {[%emt 0:02:06] BESTDEEP} Qxf3 {[%emt 0:00:36] CPLX 3.6 2 (Qd5-b5) (=8)} 22. gxf3 {[%emt 0:00:04][%mdl 4096] Endgame KRR-KRR. RECAPT} Rhg8 {[%emt 0:00:08] [#] ...Rg1+ is the strong threat. CPLX 2.0 23 (Rh8-d8) (=10)} 23. Ke2 {[%emt 0:00:10] CPLX 2.0} Rb5 {[%emt 0:02:50] CPLX 2.0 9 (Kc8-d7) (=10)} 24. b3 {[%emt 0:08:22] CPLX 2.0} Rgg5 {[%emt 0:07:33] CPLX 2.0 4 (Rb5-a5) (=9)} 25. Rah1 {[%emt 0:00:07] CPLX 2.0} Rbf5 {[%emt 0:01:42] CPLX 2.0 21 (Rb5-b6) (=10)} 26. Ke3 {[%emt 0:05:43] CPLX 2.0 34 (Rh2-h4) (=14)} e5 {[%emt 0:00:24] Black is more active. CPLX 2.1 44 (c6-c5) (=12)} 27. Rh3 {[%emt 0:01:22] CPLX 2.2 47 (Rh2-h4) (=16)} (27. Rh4 $11) 27... Kd7 {[%emt 0:03:31] CPLX 2.2 45 (e5xd4) (=14)} 28. Rh4 {[%emt 0:05:50] CPLX 2.3} Ke6 {[%emt 0:04:37] CPLX 2.3 4 (b7-b5) (=14)} 29. f4 {[%emt 0:00:09] CPLX 2.4 43 (c3-c4) (=17)} exf4+ {[%emt 0:01:00] RELBLUND 54 (e5xd4) (=16)} (29... exd4+ $15 30. Kxd4 Rd5+ 31. Ke4 Rg8) 30. Ke4 {[%emt 0:00:02] CPLX 2.3 19 (Rh4xf4) (=17)} f3 {[%emt 0:03:31] CPLX 2.8 28 (c6-c5) (=17)} 31. c4 {CPLX 3.1 13 (Ke4-d3) (=17)} c5 {[%emt 0:06:20] CPLX 2.8 13 (b7-b5) (=16)} 32. dxc5 {[%emt 0:03:24] CPLX 3.0 11 (d4-d5) (=17)} Rxc5 {[%emt 0:00:30] RECAPT} 33. Kxf3 {[%emt 0:00:11] CPLX 2.6} Rce5 {[%emt 0:02:21] CPLX 2.0} 34. R1h2 {[%emt 0:00:57] CPLX 2.2 13 (Rh4-d4) (=16)} Rgf5+ {[%emt 0:01:37] CPLX 2.1 14 (Re5-a5) (=15)} 35. Kg3 {[%emt 0:00:07] CPLX 2.0} Rg5+ {[%emt 0:01:19] CPLX 2.0 5 (Re5-e2) (=14)} 36. Kf4 {[%emt 0:00:15] CPLX 2.0 12 (Kg3-f3) (=15)} Rgf5+ {[%emt 0:01:18] CPLX 3.0 12 (Rg5-g8) (=14)} 37. Kg3 {[%emt 0:00:07] CPLX 2.8} Re2 {[%emt 0:03:31] BESTDEEP} 38. f3 {[%emt 0:01:37] BESTDEEP} Rg5+ {[%emt 0:04:22] EASY} 39. Kf4 {[%emt 0:00:39] EASY} Rgg2 {[%emt 0:00:09] CPLX 3.5 15 (Re2-e5) (=13)} 40. Rxg2 {[%emt 0:01:40] EASY} Rxg2 $11 {[%emt 0:00:04] KR-KR. RECAPT} 41. Rg4 {[%emt 0:00:33] BESTDEEP} Rxa2 {[%emt 0:01:17] CPLX 2.2} 42. Rg8 {[%emt 0:00:05] CPLX 2.0} Ra5 {[%emt 0:00:55] CPLX 2.0 0 (Ra2-a3) (=12)} 43. Rb8 {[%emt 0:00:04] BESTDEEP} b6 {[%emt 0:00:39] CPLX 2.0 0 (Ra5-f5) (=12)} 44. Kg4 {[%emt 0:00:03] RELBLUND 51 (Rb8-e8) (=13)} (44. Re8+ $11 Kd7 45. Ra8) 44... Rg5+ $15 {[%emt 0:02:34] EASY} 45. Kh4 {[%emt 0:00:06] CPLX 2.0} Rf5 {[%emt 0:00:06] CPLX 2.0 66 (Rg5-g1) (=13)} (45... Rg1 $15 46. Rh8 Rh1+ 47. Kg4 f5+ 48. Kg3 Rxh5) 46. Kg4 $1 $11 {[%emt 0:00:18] DEEPSTRONG} Rg5+ {[%emt 0:00:39] RELBLUND 0 (Rf5-c5) (=13)} ({Black should play} 46... Rc5 $11) 47. Kh4 $15 {[%emt 0:00:05] RELBLUND} Rg1 {[%emt 0:00:56] CPLX 2.0} 48. Rb7 {[%emt 0:01:16] CPLX 2.0 12 (Rb8-h8) (=12)} Ra1 {[%emt 0:00:25] CPLX 2.0 24 (Ke6-e5) (=13)} 49. Kg4 {[%emt 0:00:37] CPLX 2.0} Ra3 $1 {[%emt 0:01:47] CPLX 2.0} 50. Rb8 {[%emt 0:00:11] CPLX 2.0 53 (Kg4-g3) (=12)} (50. Kg3 $15) 50... f5+ {[%emt 0:00:09] CPLX 2.0 54 (Ra3xb3) (=13)} ({Better is} 50... Rxb3 $17 {And now ...Rc3 would win.} 51. Re8+ Kd6) 51. Kf4 {[%emt 0:00:55] CPLX 2.0} Kf6 {[%emt 0:00:17] BESTDEEP} 52. Rh8 {[%emt 0:01:34] BESTDEEP} Kg7 $1 {[%emt 0:00:08] DEEPSTRONG} 53. Ra8 {[%emt 0:00:09] EASY} a5 {[%emt 0:00:52][%cal Ba7a5,Ba5a4,Ba4a3][%mdl 32] CPLX 2.0 0 (Ra3xb3) (=12)} 54. Kxf5 {[%emt 0:02:05] CPLX 2.0 0 (c4-c5) (=11)} Rxb3 {[%emt 0:00:08] EASY} 55. f4 {[%emt 0:00:02] CPLX 2.0} Rb4 {[%emt 0:01:14] CPLX 2.0} 56. Ra6 $1 {[%emt 0:00:10] CPLX 2.0} a4 {[%emt 0:00:50] CPLX 2.0} 57. Ke5 $2 {[%emt 0:00:17][%mdl 8192] Now White is beyond hope. RELBLUND 400 (Kf5-g4) (=19)} (57. Kg4 $15) 57... Rxc4 $19 {[%emt 0:00:15] aiming for ...Rc5+. EASY. Black is clearly winning.} 58. Rxb6 {[%emt 0:00:08] [#] RELBLUND 400 (Ke5-d6) (=28)} Rc5+ $1 {[%emt 0:00:05] EASY} 59. Ke4 {[%emt 0:00:10] CPLX 2.0 0 (Ke5-d4) (=27)} Ra5 {[%emt 0:00:40] Hoping for ...a3. CPLX 2.0} 60. f5 {[%emt 0:01:22] CPLX 2.0 400 (Rb6-b2) (=35)} a3 {[%emt 0:00:56] ( -> ...a2). EASY} 61. f6+ {[%emt 0:00:19] CPLX 2.3 0 (Rb6-b1) (=34)} Kh7 {[%emt 0:00:04] Weighted Error Value: White=0.46/Black=0.12 (very precise)} 0-1

[Event "26th Hit Open-A 2022"]
[Site "Nova Gorica"]
[Date "2022.09.19"]
[Round "6.14"]
[White "Van Dael, Siem"]
[Black "Krivenko, Dion"]
[Result "1-0"]
[ECO "B45"]
[WhiteElo "2316"]
[BlackElo "2113"]
[Annotator "TA"]
[PlyCount "187"]
[EventDate "2022.09.16"]
[EventType "swiss"]
[EventCountry "SLO"]
[SourceTitle "playchess.com"]
[Source "ChessBase"]
[SourceQuality "1"]
[TimeControl "5400+30"]

1. e4 c5 2. Nf3 e6 3. d4 cxd4 4. Nxd4 Nf6 5. Nc3 Nc6 6. Ndb5 Bb4 7. a3 Bxc3+ 8. Nxc3 d5 9. exd5 Nxd5 10. Bd2 Qh4 {[%emt 0:01:02] CPLX 2.2 32 (0-0) (=32)} 11. Nxd5 {[%emt 0:03:07] RELBLUND 55 (Qd1-f3) (=55). B45: Sicilian Four Knights.} (11. Qf3 $14) 11... exd5 $11 {[%emt 0:00:10] [#] RECAPT} 12. Be2 $146 {[%emt 0:00:18] BESTDEEP} ({Predecessor:} 12. Qe2+ Be6 13. O-O-O O-O 14. Qe3 Rac8 15. Qf4 Qe7 16. Bd3 Rfd8 17. h4 Qc5 18. h5 Qd4 {1-0 (53) Filipowicz,A-Pietrusiak,B Polanica Zdroj 1966}) 12... O-O {[%emt 0:03:11][%cal Bh8f8,Bf8e8,Be8e6][%mdl 32] CPLX 2.5 5 (Bc8-f5) (=12)} 13. O-O {[%emt 0:00:08] CPLX 2.5 7 (c2-c3) (=21). The position is equal.} Bf5 {[%emt 0:07:11] CPLX 2.7} 14. Be1 {[%emt 0:09:28] CPLX 2.9 47 (c2-c3) (=27)} (14. c3 {should be considered.}) 14... Rfe8 {[%emt 0:15:03][%cal Of5c2] CPLX 2.8 27 (Rf8-d8) (=13)} 15. Bd3 {[%emt 0:05:35] BESTDEEP} Bxd3 {[%emt 0:04:03] CPLX 3.3 0 (Qh4-f6) (=11)} 16. Qxd3 {[%emt 0:00:06] RECAPT} Rad8 {[%emt 0:03:53] CPLX 2.6 8 (Qh4-f6) (=10)} 17. Rd1 {[%emt 0:06:24][%cal Ba1d1,Bd1e1,Be1e4][%mdl 32] BESTDEEP} Re6 {[%emt 0:05:00] CPLX 2.7 0 (Qh4-f6) (=9)} 18. f3 {[%emt 0:04:03] CPLX 2.7} Qf4 {[%emt 0:12:55] CPLX 3.1 12 (Qh4-f6) (=9)} 19. Bf2 {[%emt 0:01:18] BESTDEEP} d4 {[%emt 0:04:09] CPLX 2.8} 20. Rfe1 {[%emt 0:01:52] CPLX 2.6 0 (Rd1-e1) (=11)} h6 {[%emt 0:07:18] CPLX 2.8 11 (Re6xe1) (=9)} 21. Rxe6 {[%emt 0:04:26] CPLX 2.8 0 (Bf2-g3) (=10)} fxe6 {[%emt 0:00:02] RECAPT} 22. Re1 {[%emt 0:00:12] BESTDEEP} Qf7 {[%emt 0:04:42] CPLX 2.6 4 (Qf4-f5) (=8)} 23. Bg3 {[%emt 0:01:07] CPLX 2.3 7 (Re1-e4) (=9)} Rd5 {[%emt 0:01:52] CPLX 2.3 9 (a7-a5) (=8)} 24. Re4 {[%emt 0:03:18] CPLX 2.5 13 (b2-b4) (=9)} Qd7 {[%emt 0:03:03] CPLX 2.3 9 (Qf7-e7) (=8)} 25. h3 {[%emt 0:02:39] CPLX 2.2 19 (b2-b4) (=10)} a6 {[%emt 0:00:24] CPLX 2.2 8 (b7-b5) (=8)} 26. Kh2 {[%emt 0:00:51] CPLX 2.2 0 (f3-f4) (=9)} b5 {[%emt 0:02:40] CPLX 2.2 11 (Kg8-f7) (=8)} 27. Qe2 {[%emt 0:03:42] CPLX 2.1 20 (Re4-e1) (=10)} Kf7 {[%emt 0:00:31] BESTDEEP} 28. Qd3 {[%emt 0:03:27] CPLX 2.4 12 (Qe2-d2) (=10)} Kg8 {[%emt 0:00:16] CPLX 2.5} 29. b4 {[%emt 0:00:11] CPLX 2.1 32 (a3-a4) (=11)} Ne7 {[%emt 0:05:46] CPLX 2.3 22 (a6-a5) (=8)} 30. Bf2 {[%emt 0:03:06][%cal Re4d4] CPLX 2.2 9 (Kh2-g1) (=11)} Nc6 {[%emt 0:00:47] CPLX 2.2 0 (Qd7-d6) (=8)} 31. f4 {[%emt 0:02:04] CPLX 2.2} Qd6 {[%emt 0:07:40] CPLX 2.2} 32. Bg3 {[%emt 0:02:13][%cal Of4f5] BESTDEEP} Qd7 {[%emt 0:00:24] CPLX 2.2 0 (Rd5-f5) (=7)} 33. Bh4 {[%emt 0:00:42] CPLX 2.1 18 (Bg3-e1) (=10)} e5 {[%emt 0:04:20] CPLX 2.2 40 (a6-a5) (=8)} (33... a5 $5 ) 34. fxe5 {[%emt 0:04:24] CPLX 2.4 32 (Bh4-g3) (=11)} (34. Bg3 $5 ) 34... Rxe5 {[%emt 0:00:34] RECAPT 23 (Nc6xe5) (=9)} (34... Nxe5 {feels hotter.} 35. Qe2 Nc4 36. Re8+ Kh7) 35. Bg3 {[%emt 0:00:44] CPLX 2.7 23 (Kh2-g1) (=12)} Rxe4 {[%emt 0:00:55] CPLX 2.5} 36. Qxe4 {[%emt 0:00:03][%mdl 4096] Endgame KQB-KQN. RECAPT} Kf7 {[%emt 0:00:24] CPLX 2.3 5 (Nc6-e7) (=8)} 37. Qf3+ {[%emt 0:00:25] CPLX 3.3} Kg8 {[%emt 0:01:23] EASY} 38. Qh5 {[%emt 0:01:58] CPLX 2.7 12 (Qf3-e2) (=11)} Qe6 {[%emt 0:00:00] CPLX 2.1} 39. Qf3 {[%emt 0:03:53] CPLX 2.2} Kh7 {[%emt 0:03:24] CPLX 2.3 0 (Qe6-d7) (=8)} 40. Bc7 {[%emt 0:04:00] CPLX 2.4 0 (Bg3-f2) (=10)} Kg8 {[%emt 0:01:24] CPLX 2.4} 41. Qd3 {[%emt 0:01:25] CPLX 2.4 0 (Bc7-g3) (=10)} Qd5 {[%emt 0:02:08] CPLX 2.2 29 (Qe6-f7) (=8)} 42. Qg6 {[%emt 0:00:21] CPLX 2.2} Qd7 {[%emt 0:00:42] CPLX 3.7} 43. Bf4 {[%emt 0:01:42] CPLX 3.0 11 (Qg6-d6) (=10)} Kf8 {[%emt 0:01:06] CPLX 2.7 39 (Qd7-f7) (=9)} 44. Kh1 {[%emt 0:02:58] White is more active. CPLX 2.3} Qf7 {[%emt 0:01:01] CPLX 2.3 47 (Nc6-e7) (=10)} (44... Ne7 $14 {was preferrable.} 45. Qxa6 Kf7) 45. Bd6+ {[%emt 0:01:21] CPLX 3.5 49 (Qg6-d6) (=10)} (45. Qxc6 $6 Qxf4 46. Qxa6 Qf1+ 47. Kh2 Qf4+ 48. Kh1 Qf1+ 49. Kh2 Qf4+ 50. Kh1 $11) ({White should play} 45. Qd6+ $16 Kg8 46. Bxh6 (46. Qxc6 Qxf4 47. Qxa6 Qc1+ 48. Kh2 Qf4+ 49. Kh1 Qc1+ 50. Kh2 Qf4+ 51. Kh1 $11)) 45... Ke8 {[%emt 0:00:31] MISS-Kf8-g8 5 (Kf8-g8) (=10)} 46. Qg4 {[%emt 0:01:06] BESTDEEP} Kd8 {[%emt 0:00:31] Prevents Qc8+. CPLX 3.9} 47. Bc5 {[%emt 0:00:16] RELBLUND 58 (Bd6-g3) (=11)} ({Better is} 47. Bg3 $16) 47... Qf1+ {[%emt 0:00:14] CPLX 3.6 81 (Qf7-f6) (=11)} 48. Kh2 {[%emt 0:00:04] Strongly threatening Bb6+. LEGAL} Qf6 {[%emt 0:00:03][%cal Oh6h5] EASY} 49. Bb6+ {[%emt 0:01:04] CPLX 3.2 34 (Kh2-g3) (=12)} Ke7 {[%emt 0:00:38] CPLX 3.6 8 (Kd8-e8) (=11)} 50. Bc7 {[%emt 0:00:20] CPLX 4.0 24 (Qg4-e4) (=12)} Kf7 {[%emt 0:00:51] CPLX 3.6} 51. Qd7+ {[%emt 0:00:55] CPLX 3.2 0 (Qg4-e4) (=12)} Kg6 {[%emt 0:00:36] CPLX 2.9 11 (Nc6-e7) (=11)} 52. Bd6 {[%emt 0:00:26] CPLX 3.3 11 (Qd7-e8) (=12)} Ne5 {[%emt 0:00:30] CPLX 3.6} 53. Qe8+ {[%emt 0:00:21] EASY} Kf5 {[%emt 0:00:38] CPLX 2.2} 54. Be7 {[%emt 0:08:22] CPLX 3.8 0 (Bd6-c7) (=11)} Qf7 {[%emt 0:00:28] CPLX 3.6} 55. Qc8+ {[%emt 0:00:46] CPLX 2.8 0 (Qe8-d8) (=11)} Ke4 {[%emt 0:00:15] CPLX 2.4} 56. Bh4 {[%emt 0:00:51] BESTDEEP} Ke3 {[%emt 0:00:43] CPLX 3.4} 57. Bg3 {[%emt 0:00:56] CPLX 3.1 0 (Qc8xa6) (=10)} Nc4 {[%emt 0:00:28] Hoping for ...Kd2. BESTDEEP} 58. Qxa6 {[%emt 0:01:13] CPLX 3.1} Qf5 {[%emt 0:00:34] aiming for ...Kd2. CPLX 2.9} 59. Qa7 {[%emt 0:03:01] CPLX 2.9 0 (a3-a4) (=10)} Nd2 {[%emt 0:00:27] ( -> ...Nf1+). BESTDEEP} 60. Qe7+ {[%emt 0:10:05] CPLX 4.0 0 (Qa7xg7) (=10)} Qe4 {[%emt 0:00:06] BESTDEEP} 61. Qf7 (61. Qxg7 Nf1+ 62. Kg1 Nxg3 63. Qxg3+ Kd2 64. Qf2+ Kc3 $17) 61... Qxc2 62. Bf2+ Kd3 63. Qxg7 (63. Qf5+ $1 $11 {keeps the balance.} Ne4 64. Qxb5+ Qc4 65. Qf5 Qc7+ 66. Kh1 (66. g3 Qc2 $11) 66... Qc1+ 67. Bg1 (67. Kh2 Qc7+ 68. Kg1 Qc1+ 69. Kh2 Qc7+ $11)) 63... Nb3 (63... Nf1+ $17 64. Kg1 Ne3) 64. Qg6+ Kc3 65. Be1+ $1 Kb2 66. Qxh6 $2 {[%emt 0:00:13] [#]} (66. Qxc2+ $1 $11 Kxc2 67. g4) 66... d3 $2 (66... Qe2 $1 $19 67. Qh4 d3 68. Qf6+ Ka2) 67. Qf6+ Kxa3 ({Black should try} 67... Ka2 $15) 68. Qa6+ $1 Kb2 {[%emt 0:00:07] ...Qc7+ is the strong threat.} 69. Qxb5 ({But not} 69. Qf6+ Kb1 $15) 69... d2 70. Qe5+ Kb1 71. Bxd2 $1 Nxd2 72. Qf4 {[%emt 0:00:59] Against Nf3+} Qd1 73. h4 Nf1+ 74. Kh3 Qd7+ 75. Qg4 Qd3+ 76. Qf3 Ne3 77. g4 Kc2 78. b5 Kd2 79. b6 Qd7 80. b7 Qc7 81. h5 {[%emt 0:00:40][%cal Bh4h5,Bh5h6,Bh6h7][%mdl 32] Black must now prevent Qh1.} Nc2 $2 {[%emt 0:00:37][%mdl 8192] [#]} (81... Kd3 $11 82. h6 Qd6) 82. Qb3 Qb8 83. Qd5+ (83. Qb2 $142 Kd1 84. h6 Ne3 85. Qd4+ (85. h7 Qf4 $11) 85... Kc2 86. Qe4+ Kd2 87. h7 Ke2 88. Qd4 Qxb7 89. h8=Q Qg2+ 90. Kh4 Qh1+ 91. Kg5 Qxh8 92. Qxh8) 83... Ke3 84. Qb3+ Kd2 85. h6 {[%emt 0:00:41] White mates.} Nd4 86. Qg3 Qxb7 87. Qg2+ Qxg2+ 88. Kxg2 {[%emt 0:00:03] KN-KPP} Ne6 89. h7 Nf4+ 90. Kf3 Ng6 91. Ke4 Nh8 92. Kf5 Kd3 93. g5 Kd4 94. g6 {[%emt 0:00:04] Weighted Error Value: White=0.11 (very precise) /Black=0.09 (flawless)} 1-0